 Dungeon Crawl Stone Soup version 0.25-a0-589-g1e14c549ee (webtiles) character file.

Game seed: 5432430910347522501, levelgen mode: deterministic

339 MisterFreud the Ducker (level 6, -22/28 HPs)
             Began as a Felid Transmuter on Mar 10, 2020.
             Annihilated by an ogre
             ... wielding a +0 giant club
              (28 damage)
             ... on level 5 of the Dungeon.
             The game lasted 00:08:28 (3359 turns).

MisterFreud the Ducker (Felid Transmuter)           Turns: 3359, Time: 00:08:28

Health: -22/28     AC:  4    Str:  6    XL:     6   Next: 29%
Magic:  8/11       EV: 20    Int: 16    God:
Gold:   212        SH:  0    Dex: 17    Spells: 2/11 levels left
                                        Lives:  0   Deaths: 1

rFire    . . .     SeeInvis +     - Unarmed
rCold    . . .     Gourm    +   (shield unavailable)
rNeg     . . .     Faith    .   (armour unavailable)
rPois    .         Spirit   .   (helmet unavailable)
rElec    .         Reflect  .   (cloak unavailable)
rCorr    .         Harm     .   (gloves unavailable)
MR       .....                  (boots unavailable)
Stlth    ++........             q - amulet of the gourmand (curse)
HPRegen  0.09/turn              k - +2 ring of protection
MPRegen  0.12/turn              (no ring)

@: confusing touch, quick
A: very small, no armour, no weapons or thrown items, stealth, claws 1, fangs 3,
see invisible, carnivore, speed 1, shaggy fur 2, slow metabolism 1, sharp paws
a: no special abilities


You were on level 5 of the Dungeon.
You were very full.

You visited 1 branch of the dungeon, and saw 5 of its levels.

You collected 212 gold pieces.

Inventory:

Missiles
 a - 43 arrows
Jewellery
 k - a +2 ring of protection (left paw)
 q - a cursed amulet of the gourmand (around neck)
Scrolls
 b - 2 scrolls of fog
 d - 2 scrolls of teleportation
 f - a scroll of blinking
 j - a scroll of fear {unknown}
 o - a scroll of remove curse
 p - a scroll of identify
Potions
 e - a potion of ambrosia {unknown}
 g - a potion of lignification
 h - a potion of heal wounds {unknown}
 i - a potion of stabbing {unknown}
 l - a potion of haste {unknown}
 m - a potion of curing
 n - a potion of mutation
Comestibles
 c - 11 rations


   Skills:
 - Level 4.1 Fighting
 + Level 5.0 Dodging
 - Level 3.0 Unarmed Combat
 - Level 3.0 Spellcasting
 + Level 3.1 Hexes
 + Level 4.2 Transmutations


You had 2 spell levels left.
You knew the following spells:

 Your Spells              Type           Power        Failure   Level  Hunger
a - Beastly Appendage     Tmut           ###...       3%          1    #......
b - Sticks to Snakes      Tmut           ###.....     4%          2    ##.....
c - Spider Form           Tmut/Pois      #.........   24%         3    ###....
d - Confusing Touch       Hex            ##......     16%         3    ###....

Your spell library contained the following spells:

 Spells                   Type           Power        Failure   Level  Hunger
 Corona                   Hex            ##.....      5%          1    #......
 Ensorcelled Hibernation  Hex/Ice        #.....       16%         2    ##.....
 Tukima's Dance           Hex            ##......     16%         3    ###....
 Dazzling Flash           Conj/Hex       #.....       30%         3    ###....
 Ice Form                 Ice/Tmut       #.......     61%         4    #####..
 Blade Hands              Tmut           ###.......   65%         5    ######.


Dungeon Overview and Level Annotations

Branches:
Dungeon (5/15)
 Temple: D:4-7

Altars:
Ashenzari
Dithmenos

Annotations:
D:2 1 runed translucent door, Crazy Yiuf


Innate Abilities, Weirdness & Mutations

You cannot wear armour.
You are incapable of wielding weapons or throwing items.
Your paws allow you to move quietly. (Stealth)
You have sharp claws.
You have razor-sharp teeth.
You have supernaturally acute eyesight. (SInv)
You are carnivorous and can eat meat at any time.
You cover ground quickly.
You are covered in thick fur. (AC +2)
You have a slow metabolism.
Your sharp claws are effective at attacking unaware monsters.


Message History

q - a blackened citrine amulet You see here a robe.
An ogre comes into view. It is wielding a +0 giant club.
After a brief, strange feeling in your gut, your appetite remains unchanged.
Oops, that amulet feels deathly cold.
q - a cursed amulet of the gourmand (around neck)
You pounce on the unaware helpless ogre!
You scratch the ogre. You bite the ogre.
The ogre is moderately wounded.
The ogre hits you with a +0 giant club!!
Ouch! That really hurt!
* * * LOW HITPOINT WARNING * * *
Casting: Confusing Touch (safe; 16% risk of failure)
Confirm with . or Enter, or press ? or * to list all spells.
Your paws begin to glow red.
You scratch the ogre but do no damage.
The ogre is moderately wounded.
The ogre hits you with a +0 giant club!!
Ouch! That really hurt!
You die...

....(..# ...####
.......#........
.......#........
###...###...##.. #+#
###...###...##..##########..#
............#...............
............#..............
##..####..####..O# #....#
##..####..####..@###....###+#
...........#.......[........#
...........#................#
...........#................#
#...##..######..###....###..#
#...##..######..######'###..#
....#...'...#...#...........#
....#...#...#...#...........#
....#...#...#.. #...........#


You could see an ogre.

Vanquished Creatures
  An ogre (D:4)
  A jelly (D:5)
  A bullfrog skeleton (D:5)
  3 hounds
  An orc wizard (D:4)
  Jessica (D:2)
  An iguana (D:4)
  2 worker ants
  4 adders
  An ooze (D:3)
  4 worms
  3 leopard geckos
  2 orcs (D:4)
  2 ball pythons (D:3)
  2 giant cockroaches (D:1)
  8 hobgoblins
  5 jackals
  A quokka (D:2)
  3 bats
  4 frilled lizards
  5 goblins
  7 kobolds
  3 rats
65 creatures vanquished.

Vanquished Creatures (collateral kills)
  An adder (D:2)
  A dart slug (D:2)
2 creatures vanquished.

Grand Total: 67 creatures vanquished

Notes
Turn   | Place    | Note
-------+----------+-------------------------------------------
     0 | D:1      | MisterFreud the Felid Transmuter began the quest for the
                  | Orb.
     0 | D:1      | Reached XP level 1. HP: 9/9 MP: 4/4
   416 | D:1      | Reached XP level 2. HP: 13/13 MP: 4/6
   686 | D:2      | Reached XP level 3. HP: 7/17 MP: 5/7
   960 | D:2      | Found a shattered altar of Ashenzari.
   964 | D:2      | Learned a level 2 spell: Sticks to Snakes
   968 | D:2      | Learned a level 3 spell: Spider Form
  1247 | D:2      | Reached XP level 4. HP: 22/22 MP: 4/8
  1401 | D:2      | Found a shadowy altar of Dithmenos.
  1402 | D:2      | Noticed Jessica
  1412 | D:2      | Killed Jessica
  1412 | D:2      | Reached skill level 3 in Dodging
  1556 | D:2      | Found a runed translucent door.
  1557 | D:2      | Noticed Crazy Yiuf
  1727 | D:3      | Found a faded altar of an unknown god.
  2028 | D:3      | Reached XP level 5. HP: 25/25 MP: 5/9
  2630 | D:4      | Learned a level 3 spell: Confusing Touch
  2661 | D:4      | Reached skill level 4 in Dodging
  2724 | D:4      | Reached skill level 1 in Hexes
  2724 | D:4      | Gained mutation: You are covered in thick fur. (AC +2)
                  | [Felid growth]
  2724 | D:4      | Reached XP level 6. HP: 25/28 MP: 8/11
  2737 | D:4      | Slain by an ogre
  2738 | D:4      | Reached XP level 5. HP: -3/25 MP: 7/10
  2754 | D:4      | Killed an ogre
  2905 | D:5      | Entered Level 5 of the Dungeon
  2980 | D:5      | Reached XP level 6. HP: 8/28 MP: 8/11
  3284 | D:5      | Reached skill level 5 in Dodging
  3359 | D:5      | Annihilated by an ogre

Levels and vault maps discovered:
D:1:      scummos_arrival_hexagon, layout_basic
D:2:      minmay_door_path, layout_rooms, grunt_dithmenos_smoke_and_mirrors,
          nicolae_ashenzari_panopticon, uniq_crazy_yiuf_cottage, uniq_jessica
D:3:      layout_rooms, chequers_ecumenical_altar_simple_redux
D:4:      wander_river, layout_rooms
D:5:      layout_gridville, first_ration, minivault_1, kennysheep_small_square,
          uniq_menkaure

Skill      XL: |  1  2  3  4  5  6 |
---------------+-------------------+-----
Fighting       | 2 3 4 |  4.1
Dodging        | 3 4 5 |  5.0
Transmutations | 4 |  4.2
Spellcasting   | 3 |  3.0
Hexes          | 2 3 |  3.1
Unarmed Combat | |  3.0

Action                   |  1- 3 |  4- 6 || total
-------------------------+-------+-------++-------
Melee: Unarmed           |    58 |   188 ||   246
       Bite              |     3 |     9 ||    12
       Headbutt          |     5 |     2 ||     7
 Cast: Beastly Appendage |    11 |     2 ||    13
       Sticks to Snakes  |     2 |     1 ||     3
       Spider Form       |       |    17 ||    17
       Confusing Touch   |       |     2 ||     2
  Use: Scroll            |     1 |    11 ||    12
 Stab: Sleeping          |     5 |     5 ||    10
  Eat: Chunk             |     7 |    13 ||    20
Armor: Skin              |     5 |    20 ||    25
Dodge: Dodged            |    41 |   162 ||   203

Table legend:
 A = Non-vault XP
 B = Vault XP
 C = Vault XP percentage of total XP
 D = Non-vault monster count
 E = Vault monster count
 F = Vault count percentage of total count
                 A         B        C        D         E       F
            +---------+---------+-------+---------+---------+-------
      Total |     593 |      84 |  12.4 |      63 |       4 |   6.0
            +---------+---------+-------+---------+---------+-------
        D:1 |      12 |       0 |   0.0 |      10 |       0 |   0.0
        D:2 |     101 |      42 |  29.4 |      16 |       3 |  15.8
        D:3 |      63 |       0 |   0.0 |      23 |       0 |   0.0
        D:4 |     290 |       0 |   0.0 |      11 |       0 |   0.0
        D:5 |     127 |      42 |  24.9 |       3 |       1 |  25.0
            +---------+---------+-------+---------+---------+-------
